AoeStats
← [RDY] Sleiz

Arabia

505130073Analyzed
2v2 RM · 25d ago on Sep 8, 2026· 70m 22s· 4 players
Game mode
Random Map
Map size
Medium (4 player)
Population
200
Speed
Normal
Resources
Standard
Victory
Conquest
Starting age
Dark Age
Ending age
Imperial Age
RankedLock teamsTeams togetherTeam positionsShared explorationLock speedFull tech treeHidden civsTurbo modeCheats
Victory
Defeat
🇨🇱 Mapuche · Chile
911
+10
🇨🇱 Burgundians · Chile
653
+20
🇺🇸 Bulgarians · United States
797
-17
🇺🇸 Mongols · United States
720
-13
[RDY] Sleiz
9:39 Feudal Age
14:49 Bloodlines
16:02 Double-Bit Axe
16:54 Gold Mining
21:02 Castle Age
22:40 Husbandry
22:27 Horse Collar
25:31 Wheelbarrow
27:12 Loom
32:28 Thumb Ring
35:28 Bow Saw
35:22 Heavy Plow
39:56 Stone Mining
42:56 Padded Archer Armor
42:46 Fletching
46:23 Ballistics
49:10 Imperial Age
55:59 Scale Barding Armor
62:05 Chemistry
61:25 Leather Archer Armor
61:06 Bodkin Arrow
61:54 Light Cavalry
66:05 Hussar
67:42 Forging
[RDY] TGCID
10:50 Feudal Age
10:04 Loom
11:28 Double-Bit Axe
15:26 Horse Collar
16:51 Forging
16:48 Scale Barding Armor
23:47 Castle Age
29:24 Bloodlines
32:50 Iron Casting
39:28 Imperial Age
43:29 Stirrups
44:26 Bow Saw
44:18 Pikeman
45:05 Squires
47:21 Wheelbarrow
57:18 Chain Barding Armor
57:59 Blast Furnace
57:05 Husbandry
59:58 Hand Cart
fer.fuentes.g90
1:44 Loom
5:54 Wheelbarrow
9:19 Double-Bit Axe
13:38 Feudal Age
14:57 Hand Cart
15:02 Bow Saw
14:58 Town Watch
15:22 Man-at-Arms
20:18 Arson
22:59 Horse Collar
27:51 Gold Mining
27:53 Stone Mining
28:11 Heavy Plow
28:24 Caravan
30:36 Man-at-Arms
37:02 Castle Age
38:27 Crop Rotation
37:21 Crossbowman
37:31 Pikeman
38:11 Squires
39:23 Two-Man Saw
37:51 Long Swordsman
38:40 Husbandry
38:08 Elite Skirmisher
41:10 Crossbowman
41:22 Cavalier
44:49 Town Patrol
47:30 Gold Shaft Mining
47:35 Stone Shaft Mining
49:51 Ballistics
49:23 Guard Tower
49:29 Murder Holes
49:42 Siphons
49:51 Light Cavalry
56:41 Imperial Age
54:30 Burgundian Vineyards
54:39 Burgundian Vineyards
58:42 Elite Coustillier
58:58 Flemish Revolution
60:02 Paladin
60:05 Hussar
63:41 Halberdier
64:00 Flemish Revolution
67:34 Two-Handed Swordsman
Patoko6966
0:37 Loom
10:42 Feudal Age
11:59 Double-Bit Axe
12:46 Horse Collar
16:46 Wheelbarrow
21:55 Castle Age
21:25 Gold Mining
21:25 Stone Mining
22:32 Pikeman
25:31 Town Watch
28:01 Forging
32:58 Hand Cart
40:35 Elite Skirmisher
47:47 Imperial Age
45:15 Fletching
45:26 Scale Mail Armor
47:36 Malon
47:44 Bodkin Arrow
48:25 Iron Casting
48:04 Bow Saw
47:55 Heavy Plow
49:04 Conscription
49:21 Hoardings
50:36 Ballistics
59:25 Halberdier
62:19 Blast Furnace
61:21 Padded Archer Armor
62:00 Town Patrol
69:03 Chemistry
69:19 Chain Mail Armor
69:19 Leather Archer Armor
Connection lost

Rejoining the realm…

Still unreachable

The connection could not be restored.

Session expired

The server has moved on; the page needs a fresh start.